 Dungeon Crawl Stone Soup version 0.30-a0-808-g6e0788376e (webtiles) character file.

Game seed: 1026958560733589753

260 cforsyth the Sneak (level 6, -2/38 HPs)
             Began as a Kobold Brigand on Feb 27, 2023.
             Splashed by a jelly's acid (3 damage)
             ... on level 4 of the Dungeon.
             The game lasted 00:04:17 (4332 turns).

cforsyth the Sneak (Kobold Brigand)                 Turns: 4332, Time: 00:04:18

Health: -2/38      AC: -12   Str:  8    XL:     6   Next: 41%
Magic:  6/6        EV: 16    Int: 13    God:
Gold:   156        SH:  0    Dex: 18    Spells: 5/5 levels left

rFire   . . .      SeeInvis .    a - +2 dagger
rCold   . . .      Faith    .    (no shield)
rNeg    . . .      Spirit   .    b - +0 robe
rPois   .          Reflect  .    l - +0 helmet
rElec   .          Harm     .    c - +0 cloak
rCorr   .          Rampage  .    (no gloves)
Will    .....                    (no boots)
Stlth   +++++                    (no amulet)
HPRegen 0.26/turn                (no ring)
MPRegen 0.10/turn                (no ring)

@: corroded
A: small, no large weapons, nightstalker 3
a: no special abilities


You were on level 4 of the Dungeon.
You visited 1 branch of the dungeon, and saw 4 of its levels.

You collected 156 gold pieces.

Inventory:

Hand Weapons
 a - a +2 dagger (weapon)
Missiles
 d - 15 poisoned darts (quivered)
 e - 3 curare-tipped darts
 f - 6 datura-tipped darts
Armour
 b - a +0 robe (worn)
 c - a +0 cloak (worn)
 l - a +0 helmet (worn)
Jewellery
 o - the ring of Rulo {rElec MP+9 EV+5 Str-3 Slay+6}
   (You found it on level 2 of the Dungeon)

   [ring of evasion]

   EV:        It affects your evasion (+5).
   Str:       It affects your strength (-3).
   Slay:      It affects your accuracy & damage with ranged weapons and melee
   (+6).
   rElec:     It insulates you from electricity.
   MP:        It affects your magic capacity (+9).
Scrolls
 g - 3 scrolls of enchant weapon {unknown}
 h - 4 scrolls of identify {unknown}
 k - 3 scrolls of noise {unknown}
 q - 2 scrolls of teleportation {unknown}
 r - a scroll of blinking {unknown}
 s - a scroll of fear {unknown}
Potions
 i - a potion of invisibility {unknown}
 j - a potion of brilliance {unknown}
 m - a potion of magic {unknown}
 n - a potion of mutation {unknown}
 p - a potion of ambrosia {unknown}
 t - a potion of degeneration {unknown}


   Skills:
 + Level 3.9 Fighting
 + Level 4.7 Short Blades
 - Level 2.1 Throwing
 + Level 3.6 Dodging
 + Level 6.8 Stealth


You had 5 spell levels left.
You didn't know any spells.
Your spell library contained the following spells:

 Spells                   Type           Power      Damage    Failure   Level
 Iskenderun's Battlesphe  Conj           0%         2d6       100%        5
 Iron Shot                Conj/Erth      0%         9d1       100%        6
 Spellforged Servitor     Conj/Summ      0%         N/A       100%        7


Dungeon Overview and Level Annotations

Branches:
Dungeon (4/15)
 Temple: D:4-7

Altars:
Trog

Shops:
D:1 =(

Annotations:
D:2 1 runed translucent door, Crazy Yiuf


Innate Abilities, Weirdness & Mutations

You are small and have problems with some larger weapons.
You are completely attuned to the shadows.


Message History

The orc barely misses you.
You hit the orc.
You kill the orc!
You closely miss the orc. You hit the orc.
The orc is lightly wounded.
The orc misses you.
You hit the orc but do no damage.
The orc is lightly wounded.
The orc closely misses you.
You hit the orc.
The orc is severely wounded.
The orc hits you with a +0 falchion.
You hit the orc.
The orc is almost dead.
The orc barely misses you.
You hit the orc.
You kill the orc!
You hear a shout!
A jelly comes into view.
The orc completely misses you.
The jelly moves out of view.
Things that are here:
a +0 falchion; a +0 dagger; an orc corpse The orc attacks as you move away!
The orc hits you with a +0 mace. The jelly hits you.
You are splashed with acid!
The orc attacks as you move away! The orc hits you with a +0 mace.
The jelly attacks as you move away! The jelly barely misses you.
The jelly attacks as you move away! The jelly misses you.
You hit the jelly. The acid corrodes you!
Your hands burn!
The jelly is moderately wounded.
The jelly barely misses you.
You hit the jelly. The acid corrodes you!
Your hands burn!
* * * LOW HITPOINT WARNING * * *
The jelly is heavily wounded.
The jelly hits you.
* * * LOW HITPOINT WARNING * * *
The acid corrodes you!
You are splashed with acid!
* * * LOW HITPOINT WARNING * * *
You hit the jelly but do no damage. The acid corrodes you!
Your hands burn!
You die...

... #.####..# # ...#
##....><#### #
....###......>...#####
#....#)#####.)..[.....
#...#)## #..#.######
#.>...# #..#.# #
#..##o# #..#.# # ...
#J# #..#.# # # #@# .
#.# #.# #.# #.#


You could see a jelly and an orc.

Vanquished Creatures
  Jessica (D:2)
  2 orc wizards (D:2)
  Robin (D:3)
  3 gnolls (D:3)
  3 adders
  An ufetubus (D:4)
  A worm (D:3)
  3 dart slugs
  9 orcs
  7 ball pythons
  4 bats
  7 endoplasms
  A giant cockroach (D:3)
  17 goblins
  8 hobgoblins
  4 jackals (D:3)
  5 quokkas
  5 frilled lizards
  5 kobolds
  6 rats
93 creatures vanquished.

Notes
Turn   | Place    | Note
-------+----------+-------------------------------------------
     0 | D:1      | cforsyth the Kobold Brigand began the quest for the Orb.
     0 | D:1      | Reached XP level 1. HP: 12/12 MP: 1/1
     0 | D:1      | Noticed an iron dragon
     0 | D:1      | Noticed an orb of fire
     3 | D:1      | Noticed a shadow dragon
     5 | D:1      | Noticed a tentacled monstrosity
     6 | D:1      | Noticed an orb of fire
     7 | D:1      | Noticed a shadow dragon
     8 | D:1      | Noticed an iron dragon
    11 | D:1      | Noticed a white draconian
    13 | D:1      | Noticed a tentacled monstrosity
    13 | D:1      | Noticed an ice dragon
    15 | D:1      | Noticed a tentacled monstrosity
    17 | D:1      | Noticed a black draconian
    17 | D:1      | Noticed a tentacled monstrosity
    17 | D:1      | Noticed a large abomination
    18 | D:1      | Noticed an orb of fire
    19 | D:1      | Noticed an orb of fire
    24 | D:1      | Noticed a shadow dragon
   116 | D:1      | Reached XP level 2. HP: 12/18 MP: 2/2
   271 | D:1      | Found Houhauq's Antique Weapon Shoppe.
   641 | D:1      | Reached XP level 3. HP: 22/22 MP: 3/3
   738 | D:1      | Found Xiasity's Jewellery Boutique.
  1441 | D:2      | Identified the ring of Rulo {rElec MP+9 EV+5 Str-3 Slay+6}
  1494 | D:2      | Noticed Jessica
  1501 | D:2      | Killed Jessica
  1502 | D:2      | Reached skill level 6 in Stealth
  1502 | D:2      | Reached XP level 4. HP: 22/28 MP: 4/4
  1698 | D:2      | Found a runed translucent door.
  1701 | D:2      | Noticed Crazy Yiuf
  2113 | D:3      | Reached XP level 5. HP: 32/32 MP: 5/5
  2331 | D:3      | Noticed Robin
  2645 | D:3      | Killed Robin
  3082 | D:3      | Noticed a moth of wrath
  3085 | D:3      | Found a bloodstained altar of Trog.
  3755 | D:2      | Reached XP level 6. HP: 31/38 MP: 6/6
  4331 | D:4      | HP: 1/38 [acid (8)]
  4332 | D:4      | Splashed by a jelly's acid

Illustrated notes

Levels and vault maps discovered:
D:1:      shiori_arrival_whats_in_store_for_you, layout_basic, serial_shops,
          shop, nicolae_shop_crystal, minmay_misc_feat_encased,
          minmay_misc_feat_rows, kennysheep_doodads, minmay_vboxes
D:2:      layout_basic, uniq_jessica, uniq_crazy_yiuf_cottage
D:3:      layout_loops_corners, tgw_trog, minmay_misc_feat_ornament, uniq_robin
D:4:      layout_loops_ring, serial_shops, nicolae_shop_window_shopping

Skill      XL: |  1  2  3  4  5 |
---------------+----------------+-----
Short Blades   | 3 4 |  4.7
Dodging        | 2 3 |  3.6
Fighting       | 3 |  3.9
Stealth        | 6 |  6.8
Throwing       | |  2.1

Action                     |  1- 3 |  4- 6 || total
---------------------------+-------+-------++-------
  Melee: Dagger            |    60 |   274 ||   334
         Punch             |       |     3 ||     3
   Stab: Sleeping          |    17 |    16 ||    33
         Distracted        |       |     2 ||     2
 Armour: Robe              |     3 |    35 ||    38
  Dodge: Dodged            |    25 |   211 ||   236

Table legend: (Time is in decaauts)
 A = Elapsed time spent in this place.
 B = Non-inter-level travel time spent in this place.
 C = Inter-level travel time spent in this place.
 D = Time resting spent in this place.
 E = Time spent auto-exploring this place.
 F = Levels seen in this place.
 G = Mean time per level.
                   A        B        C        D        E       F      G
               +--------+--------+--------+--------+--------+-----+--------+
         Total |   4272 |   4188 |     84 |    870 |   2587 |   4 | 1068.0 |
       Dungeon |   4272 |   4188 |     84 |    870 |   2587 |   4 | 1068.0 |
               +--------+--------+--------+--------+--------+-----+--------+

Top non-repeatable levels by time:
     D:3: 1525 daAuts
     D:2: 1475 daAuts
     D:1: 915 daAuts
     D:4: 356 daAuts
